 Dungeon Crawl Stone Soup version 0.29.1-15-g9cfb28693d (webtiles) character file.

Game seed: 1044710969483781691

27 Heoruswealwe the Digger (level 2, -1/15 HPs)
             Began as a Deep Elf Earth Elementalist on Apr 20, 2023.
             Slain by a jelly (2 damage)
             ... on level 1 of the Dungeon.
             The game lasted 00:05:57 (767 turns).

Heoruswealwe the Digger (DEEE)                       Turns: 767, Time: 00:06:01

Health: -1/15      AC: -2    Str:  5    XL:     2   Next: 93%
Magic:  11/18      EV: 12    Int: 19    God:
Gold:   24         SH:  0    Dex: 15    Spells: 6/9 levels left

rFire   . . .      SeeInvis .   (no weapon)
rCold   . . .      Faith    .   (no shield)
rNeg    . . .      Spirit   .   c - +0 robe
rPois   .          Reflect  .   (no helmet)
rElec   .          Harm     .   (no cloak)
rCorr   .          Rampage  .   (no gloves)
Will    .....                   (no boots)
Stlth   ++........              (no amulet)
HPRegen 0.05/turn               k - ring of magical power
MPRegen 0.16/turn               (no ring)

@: corroded
A: no striking features
a: no special abilities


You were on level 1 of the Dungeon.
You visited 1 branch of the dungeon, and saw 1 of its levels.

You collected 24 gold pieces.

Inventory:

Armour
 c - a +0 robe (worn)
 d - a +0 robe
 o - a +0 robe
Magical Staves
 n - a staff of fire
Jewellery
 k - a ring of magical power (left hand)
Scrolls
 i - 2 scrolls of amnesia {unknown}
 j - a scroll of immolation {unknown}
 l - a scroll of enchant armour {unknown}
 m - a scroll of fog {unknown}
Potions
 a - 2 potions of flight {unknown}
 b - a potion of magic
 e - a potion of attraction {unknown}
 f - a potion of mutation {unknown}
 g - a potion of might {unknown}
 h - 2 potions of lignification {unknown}


   Skills:
 - Level 2.4 Dodging
 - Level 2.4 Stealth
 + Level 4.0 Spellcasting
 - Level 1.1 Transmutations
 + Level 4.0 Earth Magic


You had 6 spell levels left.
You knew the following spells:

 Your Spells              Type           Power      Damage    Failure   Level
a - Sandblast             Erth           38%        2d10      2%          1
z - Passwall              Tmut/Erth      10%        N/A       8%          2

Your spell library contained the following spells:

 Spells                   Type           Power      Damage    Failure   Level
 Stone Arrow              Conj/Erth      22%        3d8       19%         3
 Petrify                  Tmut/Erth      13%        N/A       43%         4


Dungeon Overview and Level Annotations

Branches:
Dungeon (1/15)

Altars:


Message History

You kill the jackal!
The endoplasm quivers.
The giant cockroach closely misses you. The giant cockroach misses you.
The giant cockroach attacks as you move away!
The giant cockroach closely misses you.
The giant cockroach attacks as you move away!
The giant cockroach closely misses you. The giant cockroach bites you.
There is a fountain of clear blue water here.
There is an open door here.
The jackal attacks as you move away! The jackal closely misses you.
The jackal bites you.
You miscast Sandblast.
You are very lightly contaminated with residual magic.
Nothing appears to happen.
The jackal completely misses you.
The blast of sand hits the jackal.
You kill the jackal!
The giant cockroach bites you.
The blast of sand hits the giant cockroach!
You kill the giant cockroach!
The endoplasm barely misses you.
The blast of sand hits the endoplasm!
You kill the endoplasm!
The rat twitches its whiskers.
Your Spellcasting skill increases to level 4!
Your Earth Magic skill increases to level 4!
The blast of sand hits the rat!
You kill the rat!
The rat barely misses you.
Your magical contamination has completely faded away.
The blast of sand hits the rat!
You kill the rat!
The blast of sand hits the jelly!
The jelly is almost dead.
The jelly hits you. The acid corrodes you!
You are splashed with acid!
Ouch! That really hurt!
* * * LOW HITPOINT WARNING * * *
The jelly hits you.
You die...

#..#.......Bh....#...........###.
#..# ......JBJJJ.#.#.##..###.##..
#..#######J#######.#.###..##.##.#
#..#.......r.....#.#.###.....)...
#..'⌠....###....⌠'.......##..###.
#..#......<......#..#............
#..#..⌠...>...⌠..#..#............
#..###'#######J###.##............
#..............J@..##............
..#..#######..#######............
###.########.####.# #...........#
..................# #...........#
#################.# #...........#
#.# ############# #.# #.........
#.# #.######## #.# #.#


You could see a jelly and an endoplasm.

Vanquished Creatures
  2 endoplasms (D:1)
  4 giant cockroaches (D:1)
  A goblin (D:1)
  2 hobgoblins (D:1)
  2 jackals (D:1)
  A quokka (D:1)
  2 ball pythons (D:1)
  3 bats (D:1)
  A frilled lizard (D:1)
  2 kobolds (D:1)
  5 rats (D:1)
25 creatures vanquished.

Notes
Turn   | Place    | Note
-------+----------+-------------------------------------------
     0 | D:1      | Heoruswealwe the Deep Elf Earth Elementalist began the
                  | quest for the Orb.
     0 | D:1      | Reached XP level 1. HP: 10/10 MP: 6/6
     0 | D:1      | Noticed a jelly
     1 | D:1      | Found a runed translucent door.
     5 | D:1      | Noticed a jelly
   285 | D:1      | Reached XP level 2. HP: 15/15 MP: 8/8
   288 | D:1      | Learned a level 2 spell: Passwall
   767 | D:1      | Slain by a jelly

Illustrated notes

Levels and vault maps discovered:
D:1:      dpeg_arrival_caged_fury, layout_basic, corexii_hall_statues_x

Skill      XL: |  1  2 |
---------------+-------+-----
Spellcasting   | 4 |  4.0
Earth Magic    | 4 |  4.0
Dodging        | |  2.4
Stealth        | |  2.4
Transmutations | |  1.1

Action                   || total
-------------------------++-------
 Cast: Sandblast         ||    33
Dodge: Dodged            ||    12
